 Dungeon Crawl Stone Soup version 0.31-a0-162-gc4c5a43528 (webtiles) character file.

Game seed: 2234221199651273411

215 qw the Shooter (level 5, 0/32 HPs)
             Began as a Gargoyle Hunter on June 12, 2023.
             Slain by a cerulean imp
             ... wielding a +2 spear
             ... summoned by Natasha
              (1 damage)
             ... on level 2 of the Dungeon.
             The game lasted 00:00:20 (584 turns).

qw the Shooter (Gargoyle Hunter)                     Turns: 584, Time: 00:00:21

Health: 0/32       AC:  7    Str: 15    XL:     5   Next: 92%
Magic:  5/5        EV: 11    Int:  9    God:
Gold:   74         SH:  0    Dex: 15    Spells: 4/4 levels left

rFire   . . .        Y - +0 shortbow
rCold   . . .        (shield currently unavailable)
rNeg    + . .        c - +0 leather armour
rPois   inf          (no helmet)
rElec   +            (no cloak)
rCorr   .            (no gloves)
SInv    .            (no boots)
Will    .....        (no amulet)
Stlth   ++           (no ring)
HPRegen 0.25/turn    (no ring)
MPRegen 0.09/turn

%: no passive effects
@: no status effects
A: sickness immunity, AC +4, negative energy resistance 1, electricity
resistance, torment resistance 1, petrification resistance
a: no special abilities


You were on level 2 of the Dungeon.
You visited 1 branch of the dungeon, and saw 2 of its levels.

You collected 74 gold pieces.


Innate Abilities, Weirdness & Mutations

You are immune to sickness and miasma.
Your stone body is resilient. (AC +4)
You are immune to poison.
You resist negative energy. (rN+)
You are resistant to electric shocks. (rElec)
You are resistant to unholy torment.
You are immune to petrification.


   Skills:
 + Level 3.4 Fighting
 - Level 6.4 Ranged Weapons
 - Level 1.5 Dodging
 - Level 1.1 Stealth


You had 4 spell levels left.
You didn't know any spells.
Your spell library was empty.

Inventory:

Hand Weapons
 Y - a +0 shortbow (weapon)
Armour
 c - a +0 leather armour (worn)
Scrolls
 a - 3 scrolls of identify {unknown}
Potions
 f - a potion of brilliance {unknown}

Dungeon Overview and Level Annotations

Branches:
Dungeon (2/15)

Altars:

Shops:
D:1 ?

Annotations:
D:2 Natasha


Message History

The arrow closely misses the cerulean imp.
The cerulean imp hits you from afar with a +2 spear.
You shoot an arrow.
The arrow barely misses the cerulean imp.
The cerulean imp barely misses you.
You shoot an arrow.
The arrow closely misses the cerulean imp.
The cerulean imp barely misses you.
You shoot an arrow.
The arrow completely misses the cerulean imp.
The cerulean imp hits you from afar with a +2 spear.
You shoot an arrow. The arrow misses the cerulean imp.
The cerulean imp disappears in a puff of smoke!
The cerulean imp hits you from afar with a +2 spear.
You shoot an arrow. The arrow hits the cerulean imp.
The cerulean imp is lightly wounded.
The cerulean imp barely misses you.
You shoot an arrow.
The arrow barely misses the cerulean imp.
The cerulean imp closely misses you.
You shoot an arrow.
The arrow barely misses the cerulean imp.
The cerulean imp hits you but does no damage.
You shoot an arrow.
The arrow hits the cerulean imp but does no damage.
The cerulean imp is lightly wounded.
The cerulean imp hits you from afar with a +2 spear.
You shoot an arrow.
The arrow hits the cerulean imp but does no damage.
The cerulean imp is lightly wounded.
The cerulean imp hits you from afar with a +2 spear.
You shoot an arrow. The arrow misses the cerulean imp.
The cerulean imp hits you from afar with a +2 spear.
You shoot an arrow.
The arrow completely misses the cerulean imp.
The cerulean imp barely misses you.
You shoot an arrow. The arrow hits the cerulean imp.
The cerulean imp is moderately wounded.
The cerulean imp hits you from afar with a +2 spear.
You die...

#. #. ## #. #..
#.#.5 .hh# #.. .
#5#####....
#######..@%(.....
........####.####
########.....#
#####.#####
#.........#
#..<......#
#.....%...#
#.........#
#.....>[..#


You could see a cerulean imp (summoned).

Vanquished Creatures
  Sigmund (D:2)
  Natasha (D:2)
  A gnoll (D:1)
  An adder (D:2)
  A dart slug (D:1)
  A ball python (D:1)
  2 endoplasms (D:1)
  A giant cockroach (D:1)
  3 goblins (D:1)
  4 hobgoblins (D:1)
  A quokka (D:1)
  A frilled lizard (D:1)
  A kobold (D:1)
  2 rats (D:1)
21 creatures vanquished.

Notes
Turn   | Place    | Note
-------+----------+-------------------------------------------
     0 | D:1      | qw the Gargoyle Hunter began the quest for the Orb.
     0 | D:1      | Reached XP level 1. HP: 12/12 MP: 1/1
     0 | D:1      | 0 ||| qw: Version: 0.2-a-29-gc1b59c4
     0 | D:1      | 0 ||| qw: Game counter: 4299
     0 | D:1      | 0 ||| qw: Always use a shield: true
     0 | D:1      | 0 ||| qw: God list: Okawaru
     0 | D:1      | 0 ||| qw: Allow faded altars: false
     0 | D:1      | 0 ||| qw: Do Orc after D:15 true
     0 | D:1      | 0 ||| qw: Do second Lair branch before Depths: true
     0 | D:1      | 0 ||| qw: Lair rune preference: random
     0 | D:1      | 0 ||| qw: Plans: Normal, Zot:1-4, Slime:5, God:TSO, Crypt,
                  | Tomb, Abyss, Pan, Hells, Win
     0 | D:1      | 0 ||| PLANNING D:1-11
    25 | D:1      | Reached XP level 2. HP: 17/17 MP: 2/2
    56 | D:1      | Found Foda's Magic Scroll Shop.
    69 | D:1      | 69 ||| SHOPLISTING scroll of acquirement (676 gold, have
                  | 12).
    69 | D:1      | 69 ||| SHOPLISTING scroll of enchant armour (97 gold, have
                  | 12).
    69 | D:1      | 69 ||| SHOPLISTING scroll of identify (26 gold, have 12).
    69 | D:1      | 69 ||| SHOPLISTING scroll of teleportation (39 gold, have
                  | 12).
   116 | D:1      | 116 ||| FLEEEEING.
   117 | D:1      | 117 ||| FLEEEEING.
   118 | D:1      | 118 ||| FLEEEEING.
   119 | D:1      | 119 ||| FLEEEEING.
   120 | D:1      | 120 ||| FLEEEEING.
   121 | D:1      | 121 ||| FLEEEEING.
   122 | D:1      | 122 ||| FLEEEEING.
   123 | D:1      | 123 ||| FLEEEEING.
   124 | D:1      | 124 ||| FLEEEEING.
   125 | D:1      | 125 ||| FLEEEEING.
   126 | D:1      | 126 ||| FLEEEEING.
   127 | D:1      | 127 ||| FLEEEEING.
   128 | D:1      | 128 ||| FLEEEEING.
   129 | D:1      | 129 ||| FLEEEEING.
   191 | D:1      | Reached XP level 3. HP: 21/21 MP: 3/3
   196 | D:1      | Found a faded altar of an unknown god.
   200 | D:1      | Reached skill level 5 in Ranged Weapons
   488 | D:1      | 488 ||| READING scroll labelled QIQUOCH PAYPU.
   489 | D:1      | 489 ||| READING scroll labelled JUEPTA EGAPP.
   492 | D:1      | 492 ||| DROPPING scroll of butterflies.
   511 | D:2      | Noticed Natasha
   514 | D:2      | Killed Natasha
   514 | D:2      | Noticed Sigmund
   515 | D:2      | Reached skill level 3 in Fighting
   515 | D:2      | Reached XP level 4. HP: 28/28 MP: 4/4
   527 | D:2      | Killed Sigmund
   528 | D:2      | Reached skill level 6 in Ranged Weapons
   528 | D:2      | Reached XP level 5. HP: 11/32 MP: 5/5
   562 | D:2      | Noticed Natasha
   566 | D:2      | 566 ||| Stepping ~*~*~tactically~*~*~ (outnumbered).
   567 | D:2      | 567 ||| Stepping ~*~*~tactically~*~*~ (outnumbered).
   581 | D:2      | HP: 3/32 [cerulean imp/+2 spear[Natasha] (6)]
   582 | D:2      | HP: 1/32 [cerulean imp/+2 spear[Natasha] (3)]
   584 | D:2      | Slain by a cerulean imp

Levels and vault maps discovered:
D:1:      dpeg_arrival_rhombus, layout_rooms, shapermc_ecumenical_altar_venn,
          serial_shops, shop
D:2:      layout_rooms, serial_shops, shop, uniq_crazy_yiuf_cottage,
          uniq_natasha, uniq_sigmund

Skill      XL: |  1  2  3  4 |
---------------+-------------+-----
Ranged Weapons | 5 6 |  6.4
Fighting       | 3 |  3.4
Dodging        | |  1.5
Stealth        | |  1.1

Action                     |  1- 3 |  4- 6 || total
---------------------------+-------+-------++-------
   Fire: Shortbow          |    60 |    32 ||    92
    Use: Scroll            |     2 |       ||     2
 Armour: Leather armour    |     1 |     3 ||     4
  Dodge: Dodged            |    12 |     9 ||    21

Table legend:
 A = Non-vault XP
 B = Vault XP
 C = Vault XP percentage of total XP
 D = Non-vault monster count
 E = Vault monster count
 F = Vault count percentage of total count
                 A         B        C        D         E       F
            +---------+---------+-------+---------+---------+-------
      Total |      59 |     249 |  80.8 |      19 |       2 |   9.5
            +---------+---------+-------+---------+---------+-------
        D:1 |      46 |       0 |   0.0 |      18 |       0 |   0.0
        D:2 |      13 |     249 |  95.0 |       1 |       2 |  66.7
            +---------+---------+-------+---------+---------+-------
